 Dungeon Sprint DCSS version 0.31-a0-152-g6aa68a64a1 (webtiles) character file.

Game seed: 10683471788279815417

45 Conn the Firebug (level 3, -5/21 HPs)
             Began as an Octopode Fire Elementalist on June 11, 2023.
             Was an Initiate of Sif Muna.
             Slain by a tentacle (26 damage)
             ... attached to a kraken
             ... in the Dungeon (Sprint II: "The Violet Keep of Menkaure").
             The game lasted 00:03:34 (378 turns).

Conn the Firebug (Octopode Fire Elementalist)        Turns: 378, Time: 00:03:34

Health: -5/21      AC:  1    Str: 13    XL:     3   Next: 64%
Magic:  7/7        EV: 13    Int: 19    God:    Sif Muna [......]
Gold:   422        SH:  0    Dex: 12    Spells: 2/8 levels left

rFire   + + .        p - staff of fire
rCold   + . .        (no shield)
rNeg    . . .        (helmet restricted)
rPois   +            (no amulet)
rElec   +            j - +6 ring of strength
rCorr   +            (no ring)
SInv    .            (no ring)
Will    +....        (no ring)
Stlth   ++++         (no ring)
HPRegen 0.23/turn    (no ring)
MPRegen 0.10/turn    (no ring)
                     (no ring)

%: no teleportation
@: resistant, enlightened, flying, hasted, very quick
A: almost no armour, amphibious, 8 rings, camouflage 1, gelatinous body 1,
nimble swimmer 1, tentacles
a: Renounce Religion


You were in the Dungeon.
You worshipped Sif Muna.
Sif Muna was noncommittal.
You visited 1 branch You collected 422 gold pieces.

Inventory:

Missiles
 r - 6 poisoned darts (quivered)
Magical Staves
 p - a staff of fire (weapon)
 q - a staff of poison
Jewellery
 j - a +6 ring of strength (left tentacle)
Scrolls
 f - a scroll of blinking
 i - a scroll of poison
 k - a scroll of brand weapon
 l - 2 scrolls of amnesia
 m - a scroll of enchant armour
Potions
 a - 8 potions of magic
 b - 5 potions of curing
 c - 2 potions of heal wounds
 d - a potion of haste
 e - a potion of berserk rage
 g - 2 potions of enlightenment
 n - a potion of mutation
 o - 2 potions of resistance


   Skills:
 + Level 3.0 Dodging
 + Level 4.1 Stealth
 + Level 0.8 Unarmed Combat
 + Level 3.4 Spellcasting
 + Level 1.6 Conjurations
 + Level 5.6 Fire Magic


You had 2 spell levels left.
You knew the following spells:

 Your Spells              Type           Power      Damage    Failure   Level
a - Foxfire               Conj/Fire      100%       2x1d9     3%          1
b - Scorch                Fire           72%        2d8       2%          2
c - Inner Flame           Hex/Fire       20%        N/A       14%         3

Your spell library contained the following spells:

 Spells                   Type           Power      Damage    Failure   Level
 Volatile Blastmotes      Fire/Tloc      40%        2d13      14%         3
 Flame Wave               Conj/Fire      25%        2d8       32%         4
 Leda's Liquefaction      Hex/Erth       1%         N/A       82%         4
 Lee's Rapid Deconstruct  Erth           1%         3d4*      99%         5
 Leda's Unmaking          Conj/Erth      3%         9d1       100%        6
 Statue Form              Tmut/Erth      2%         N/A       100%        6


Dungeon Overview and Level Annotations

Branches:
Dungeon (1/1)

Altars:
Cheibriados
Dithmenos
Elyvilon
Fedhas
Gozag
Hepliaklqana
Kikubaaqudgha
Makhleb
Nemelex Xobeh
Okawaru
Qazlal
Ru
Sif Muna
Trog
Uskayaw
Vehumet
Wu Jian
Xom
Yredelemnul
Zin
The Shining One
Jiyva
Lugonu


Innate Abilities, Weirdness & Mutations

You cannot wear most types of armour.
You are amphibious.
You can wear up to eight rings at the same time.
Your skin changes colour to match your surroundings (Stealth+).
Your rubbery body absorbs attacks. (AC +1, EV +1)
You are camouflaged when in or above water. (Stealth+)
You have tentacles for arms and can constrict up to eight enemies at once.


Message History

You see here a +0 spear.
You see here 5 stones.
You see here a +0 cloak.
You see here 3 stones.
Okay, then.
Okay, then.
As you read the scroll labelled QAFUIR KUSAEKK, it crumbles to dust.
It is a scroll of identify.
k - a scroll of brand weapon
As you read the scroll of identify, it crumbles to dust.
m - a scroll of enchant armour
As you read the scroll of identify, it crumbles to dust.
n - a potion of mutation
As you read the scroll of identify, it crumbles to dust.
l - 2 scrolls of amnesia The air fills with toxic fumes!
As you read the scroll labelled IMURA IFECSELE, it crumbles to dust.
It was a scroll of poison.
You start waiting.
Done waiting.
Okay, then.
It was a potion of enlightenment.
You feel very buoyant.
You fly up into the air.
It was a potion of resistance.
You feel protected.
Okay, then.
You feel yourself speed up.
You reach down and open the door.
Unknown command.
Unknown command.
Unknown command.
Tentacles burst out of the water! 4 tentacles come into view.
There is an open door here.
The tentacle barely misses you. The tentacle completely misses you.
The tentacle slaps you!!
Ouch! That really hurt!
You die...

#||▓...[...(▓▓ ###
+.####°}▓[.[.....▓▓ ..#
...####▓.)[[....▓▓ ..##
#..# #▓..().[[.▓▓ #..# +..#
#▓.[[.[.[.▓▓ #..# #..#
#▓....[(.[▓▓
+†.####..####▓[.[)([..▓▓
#....###...##▓▓▓▓▓▓▓Λ▓▓▓▓+▓
#..†...~~~~~~~~~@w~~.──Xw≈▓
~~.....~#'########+###w≈w≈▓
~§~~§..~#_._.....#~~~##≈≈≈▓
~§~§~~.~#._._....#~~≈§####▓
≈§≈~§~~~#_._._...#~~§§§#
~≈≈§≈§~~#._._._..#~§S§§≈
≈≈≈§§§≈~#_._._._.#§~~§~
≈§≈###≈≈#._._._._#~S~§≈S
#§≈#.._._._.#~~


You could see a kraken, 2 tentacles and 2 water moccasins.

Vanquished Creatures
  Menkaure (D)
  A water moccasin (D)
  3 worms (D)
5 creatures vanquished.

Vanquished Creatures (others)
  17 foxfires (D)
17 creatures vanquished.

Grand Total: 22 creatures vanquished

Notes
Turn   | Place    | Note
-------+----------+-------------------------------------------
     0 | D        | Conn the Octopode Fire Elementalist began the quest for the
                  | Orb.
     0 | D        | Reached XP level 1. HP: 11/11 MP: 3/3
     1 | D        | Noticed a merfolk siren
     4 | D        | Noticed a wyvern
     4 | D        | Noticed a wyvern
    10 | D        | Noticed a boulder beetle
    10 | D        | Noticed a boulder beetle
    63 | D        | Reached skill level 4 in Fire Magic
    63 | D        | Reached XP level 2. HP: 17/17 MP: 0/5
    66 | D        | Learned a level 2 spell: Scorch
    84 | D        | Noticed Menkaure
    89 | D        | Killed Menkaure
    99 | D        | Found an iron altar of Okawaru.
    99 | D        | Found a radiant altar of Vehumet.
    99 | D        | Found a glowing silver altar of Zin.
   100 | D        | Found a sparkling altar of Nemelex Xobeh.
   100 | D        | Found a hide-covered altar of Uskayaw.
   101 | D        | Found an opulent altar of Gozag.
   101 | D        | Found a burning altar of Makhleb.
   101 | D        | Found a bloodstained altar of Trog.
   102 | D        | Found a blossoming altar of Fedhas.
   102 | D        | Found a corrupted altar of Lugonu.
   102 | D        | Found a basalt altar of Yredelemnul.
   102 | D        | Found a shimmering blue altar of Sif Muna.
   102 | D        | Noticed a water moccasin
   107 | D        | Killed a water moccasin
   108 | D        | Reached skill level 5 in Fire Magic
   108 | D        | Reached XP level 3. HP: 18/21 MP: 0/7
   112 | D        | Learned a level 3 spell: Inner Flame
   114 | D        | Found a white marble altar of Elyvilon.
   114 | D        | Found an ancient bone altar of Kikubaaqudgha.
   115 | D        | Found a shadowy altar of Dithmenos.
   115 | D        | Found a viscous altar of Jiyva.
   116 | D        | Found a snail-covered altar of Cheibriados.
   118 | D        | Found a shimmering altar of Xom.
   118 | D        | Found a sacrificial altar of Ru.
   118 | D        | Found a hazy altar of Hepliaklqana.
   119 | D        | Found a glowing golden altar of the Shining One.
   119 | D        | Found an ornate altar of the Wu Jian Council.
   119 | D        | Found a stormy altar of Qazlal.
   121 | D        | Noticed a water moccasin
   125 | D        | Became a worshipper of Sif Muna the Loreminder
   135 | D        | Noticed a water moccasin
   139 | D        | Noticed a kraken
   140 | D        | Noticed a water moccasin
   378 | D        | Slain by a tentacle

Illustrated notes

Levels and vault maps discovered:
D:        the_violet_keep_of_menkaure [sprint2_stairs_cluster_1,
          sprint2_shoproom, sprint2_temple, sprint2_basic_supplies,
          sprint2_obstacle_1, sprint2_obstacle_6, sprint2_obstacle_7,
          sprint2_obstacle_2, sprint2_obstacle_5, sprint2_timed_cluster_1,
          sprint2_smallroom_cluster_1, sprint2_smallroom_final_cluster_1,
          sprint2_transparent_cluster_1, sprint2_second_timed_cluster_1,
          sprint2_sniper_area_1, sprint2_heavy_combat_area_1,
          sprint2_mutation_trap_area_1, sprint2_forest_area_1,
          sprint2_light_combat_area_1, sprint2_behind_water_1,
          sprint2_near_end_vault_1]

Skill      XL: |  1  2 |
---------------+-------+-----
Stealth        | 3 4 |  4.1
Fire Magic     | 4 5 |  5.6
Dodging        | 3 |  3.0
Spellcasting   | 3 |  3.4
Unarmed Combat | |  0.8
Conjurations   | |  1.6

Action                     || total
---------------------------++-------
  Melee: Unarmed           ||    10
         Constrict         ||     4
         Tentacles         ||     2
   Cast: Foxfire           ||    10
    Use: Scroll            ||     5
         Potion            ||     3
  Dodge: Dodged            ||     5

Table legend: (Time is in decaauts)
 A = Elapsed time spent in this place.
 B = Non-inter-level travel time spent in this place.
 C = Inter-level travel time spent in this place.
 D = Time resting spent in this place.
 E = Time spent auto-exploring this place.
 F = Levels seen in this place.
 G = Mean time per level.
                   A        B        C        D        E       F      G
               +--------+--------+--------+--------+--------+-----+--------+
         Total |    375 |    375 |      0 |    129 |      0 |   1 |  375.0 |
       Dungeon |    375 |    375 |      0 |    129 |      0 |   1 |  375.0 |
               +--------+--------+--------+--------+--------+-----+--------+

Top non-repeatable levels by time:
       D: 375 daAuts
